 Dungeon Crawl Stone Soup version 0.22-a0-293-gc9362ec (webtiles) character file.

9956 b5mith the Basher (level 11, 0/102 HPs)
             Began as a Minotaur Berserker on Mar 24, 2018.
             Was a High Priest of Trog.
             Slain by a green ugly thing (10 damage)
             ... while paralysed
             ... on level 10 of the Dungeon.
             The game lasted 00:26:25 (9257 turns).

b5mith the Basher (Minotaur Berserker)              Turns: 9257, Time: 00:26:26

Health: 0/102      AC: 16    Str: 32    XL:     11   Next: 29%
Magic:  10/10      EV:  2    Int:  4    God:    Trog [*****.]
Gold:   96         SH:  0    Dex:  9    Spells: 10/10 levels left

rFire    . . .     SeeInvis .   X - +1 flail (protect)
rCold    . . .     Gourm    .   j - +2 buckler
rNeg     . . .     Faith    .   M - +0 steam dragon scales
rPois    .         Spirit   .   J - +0 hat
rElec    .         Reflect  +   W - +1 cloak
rCorr    .         Harm     .   (no gloves)
MR       .....                  (no boots)
Stlth    +.........             p - +2 amulet of reflection
HPRegen  0.27/turn              b - +6 ring of strength
MPRegen  0.12/turn              f - +2 ring of slaying

@: paralysed, lethally poisoned (0 -> -21), protection aura, berserk cooldown,
slowed
A: retaliatory headbutt, horns 2
a: Berserk, Trog's Hand, Brothers in Arms, Renounce Religion


You were on level 10 of the Dungeon.
You worshipped Trog.
Trog was extremely pleased with you.
You were not hungry.

You visited 1 branch of the dungeon, and saw 11 of its levels.

You collected 681 gold pieces.
You spent 585 gold pieces at shops.

Inventory:

Hand Weapons
 X - a +1 flail of protection (weapon)
Missiles
 g - 10 tomahawks (quivered)
 B - 13 javelins
Armour
 d - a +0 pair of gloves
 j - a +2 buckler (worn)
 l - a +0 scale mail
 w - a +0 troll leather armour
 J - a +0 hat (worn)
 M - +0 steam dragon scales (worn)
 W - a +1 cloak (worn)
Jewellery
 b - a +6 ring of strength (left hand)
 f - a +2 ring of slaying (right hand)
 h - an uncursed amulet of regeneration
 p - a +2 amulet of reflection (around neck)
 u - an uncursed ring of protection from cold
 y - a +4 ring of intelligence {unknown}
 I - an uncursed ring of see invisible
 R - a cursed amulet of inaccuracy {unknown}
Wands
 a - a wand of digging (20)
 x - a wand of clouds (9)
 H - a wand of polymorph (7)
 Y - a wand of iceblast (7)
 Z - a wand of random effects (36)
Scrolls
 e - 4 scrolls of enchant armour
 i - a scroll of blinking {unknown}
 m - 3 scrolls of noise
 s - 6 scrolls of teleportation
 t - 3 scrolls of fog
 C - a scroll of amnesia {unknown}
 D - a scroll of magic mapping {unknown}
 F - a scroll of enchant weapon {unknown}
 G - a scroll of fear {unknown}
 K - a scroll of immolation {unknown}
 P - a scroll of random uselessness {unknown}
 Q - 2 scrolls of holy word {unknown}
 V - a scroll of remove curse {@r2}
Potions
 k - 2 potions of mutation
 n - a potion of haste {unknown}
 o - 4 potions of heal wounds
 q - a potion of resistance {unknown}
 r - a potion of cancellation
 v - 2 potions of lignification {unknown}
 z - 4 potions of curing {unknown}
 A - a potion of flight
 L - a potion of agility {unknown}
 T - a potion of brilliance {unknown}
 U - a potion of invisibility {unknown}
Comestibles
 c - 18 rations


   Skills:
 + Level 11.1 Fighting
 + Level 11.2 Maces & Flails
 + Level 10.9 Armour
 + Level 10.0 Dodging


You had 10 spell levels left.
You didn't know any spells.

Dungeon Overview and Level Annotations

Branches:
Dungeon (11/15)            Temple (0/1) D:4
   Lair: D:8-11         Orc: D:9-12

Altars:
Fedhas
Okawaru
Qazlal
Ru
Trog
Yredelemnul
Zin
The Shining One

Shops:
D:4 (   D:8 =   D:9 *


Innate Abilities, Weirdness & Mutations

You reflexively headbutt those who attack you in melee.
You have a pair of horns on your head.


Message History

You sock the green ugly thing!
Your headbutt misses the green ugly thing.
The green ugly thing is lightly wounded.
* * * LOW HITPOINT WARNING * * *
You feel sick.
The green ugly thing tentacle-slaps you.
* * * LOW HITPOINT WARNING * * *
You bludgeon the green ugly thing!! You headbutt the green ugly thing!
The green ugly thing is severely wounded.
* * * LOW HITPOINT WARNING * * *
You feel sick.
You closely miss the green ugly thing.
The green ugly thing is severely wounded.
You are no longer berserk.
You pass out from exhaustion.
You feel yourself slow down.
* * * LOW HITPOINT WARNING * * *
You feel sick.
The green ugly thing tentacle-slaps you!
You die...

..##
#.......####....#...##.####.
#..####.....## ##..####...##
# #..###.....# ##.# ##..#
##........#. #.# #..######
...#....###. #.## #........
....#...## #..# ##........
#).......# # ##..#
#...+##### ....##...#
#.####...###...# ..)## .
#...@u.........# ##)#
.......######......# ##)#
......# ###.....# #>.##
#.....# #...>...#
....####..... ####P......#
#......#.....####..P_P.....#
....#......................#
...#..####.....###.........+
.....## #..## #............


You could see a green ugly thing.

Vanquished Creatures
  3 two-headed ogres
  An oklob plant (D:10)
  A wolf spider (D:10)
  An ugly thing (D:10)
  A centaur zombie (D:10)
  2 gargoyles (D:10)
  Grinder (D:5)
  The ghost of Caerwyn the Sneak, an amateur GnEn of Dithmenos (D:3)
  A hippogriff (D:9)
  A hungry ghost (D:5)
  A steam dragon (D:10)
  Edmund (D:6)
  A soldier ant (D:10)
  3 water moccasins
  5 ice beasts
  The ghost of enarc13 the Changer, an amateur FeTm (D:4)
  5 orc warriors
  A black bear (D:6)
  An ogre (D:6)
  A necrophage (D:6)
  3 sky beasts
  2 phantoms
  5 centaurs
  A big kobold (D:9)
  3 bullfrogs
  5 scorpions
  10 killer bees
  3 electric eels (D:9)
  A crimson imp (D:5)
  7 howler monkeys (D:9)
  3 jellies (D:9)
  4 orc priests
  5 hounds
  6 orc wizards
  Ijyb (D:4)
  Terence (D:2)
  2 iguanas
  4 worker ants
  3 hound skeletons
  A hound zombie (D:7)
  A worker ant zombie (D:5)
  A gnoll (D:1)
  15 adders
  2 shadow imps
  10 oozes
  An adder zombie (D:5)
  An adder skeleton (D:4)
  2 worms (D:2)
  3 dart slugs
  12 leopard geckos
  29 orcs
  6 giant cockroaches
  6 goblins
  6 hobgoblins
  8 jackals
  12 kobolds
  4 quokkas
  4 ball pythons
  7 bats
  4 frilled lizards
  A jackal zombie (D:7)
  2 quokka zombies
  10 rats
250 creatures vanquished.

Notes
Turn   | Place    | Note
-------+----------+-------------------------------------------
     0 | D:1      | b5mith the Minotaur Berserker began the quest for the Orb.
     0 | D:1      | Reached XP level 1. HP: 19/19 MP: 0/0
   143 | D:1      | Reached XP level 2. HP: 25/27 MP: 1/1
   406 | D:1      | Reached XP level 3. HP: 33/33 MP: 2/2
   992 | D:2      | Reached XP level 4. HP: 40/40 MP: 3/3
  1094 | D:2      | Reached ** piety under Trog
  1103 | D:2      | Noticed Terence
  1115 | D:2      | Killed Terence
  1220 | D:2      | Reached XP level 5. HP: 46/47 MP: 4/4
  1590 | D:3      | Noticed Caerwyn's ghost (amateur GnEn)
  1623 | D:3      | Killed Caerwyn's ghost
  1623 | D:3      | Reached skill level 5 in Fighting
  1623 | D:3      | Reached skill level 5 in Maces & Flails
  1623 | D:3      | Reached XP level 6. HP: 56/56 MP: 5/5
  2370 | D:4      | Found a blossoming altar of Fedhas.
  2542 | D:4      | Reached skill level 5 in Armour
  2648 | D:4      | Noticed Ijyb
  2661 | D:4      | Killed Ijyb
  2661 | D:4      | Reached XP level 7. HP: 62/62 MP: 6/6
  2706 | D:4      | Found Henaacici's Weapon Boutique.
  3007 | D:4      | Reached skill level 5 in Dodging
  3087 | D:4      | Noticed enarc13's ghost (amateur FeTm)
  3093 | D:4      | Killed enarc13's ghost
  3107 | D:4      | Found a staircase to the Ecumenical Temple.
  3164 | D:5      | Entered Level 5 of the Dungeon
  3176 | D:5      | Noticed Grinder
  3194 | D:5      | Paralysed by Grinder for 3 turns
  3207 | D:5      | Paralysed by Grinder for 4 turns
  3215 | D:5      | Killed Grinder
  3215 | D:5      | Reached XP level 8. HP: 21/71 MP: 7/7
  3554 | D:5      | Reached *** piety under Trog
  3907 | D:5      | Found a bloodstained altar of Trog.
  4581 | D:6      | Noticed a two-headed ogre
  4593 | D:6      | Killed a two-headed ogre
  4593 | D:6      | Reached XP level 9. HP: 50/82 MP: 8/8
  4942 | D:6      | Found a glowing golden altar of the Shining One.
  4942 | D:6      | Found a stormy altar of Qazlal.
  4949 | D:6      | Found a sacrificial altar of Ru.
  4979 | D:6      | Found a basalt altar of Yredelemnul.
  5302 | D:6      | Noticed Edmund
  5317 | D:6      | Killed Edmund
  6448 | D:8      | Reached **** piety under Trog
  6448 | D:8      | Reached XP level 10. HP: 91/91 MP: 9/9
  6714 | D:8      | Found Enaanwea's Jewellery Emporium.
  7165 | D:9      | Found Zin's Purification Station.
  7197 | D:9      | Found a glowing silver altar of Zin.
  7806 | D:8      | Bought a +6 ring of strength for 585 gold pieces
  7900 | D:9      | Reached skill level 10 in Maces & Flails
  8024 | D:9      | Reached skill level 10 in Fighting
  8482 | D:10     | Entered Level 10 of the Dungeon
  8505 | D:10     | Noticed a two-headed ogre
  8514 | D:10     | Killed a two-headed ogre
  8514 | D:10     | Reached ***** piety under Trog
  8514 | D:10     | Reached skill level 10 in Armour
  8531 | D:10     | Noticed a two-headed ogre
  8541 | D:10     | Killed a two-headed ogre
  8611 | D:10     | Reached XP level 11. HP: 34/101 MP: 10/10
  8976 | D:10     | Found an iron altar of Okawaru.
  8977 | D:10     | Noticed an oklob plant
  9001 | D:10     | Killed an oklob plant
  9216 | D:10     | Noticed a green ugly thing
  9217 | D:10     | Noticed a two-headed ogre
  9217 | D:10     | Noticed a wolf spider
  9244 | D:10     | Noticed a green ugly thing
  9247 | D:10     | Killed a wolf spider
  9250 | D:10     | Killed a green ugly thing
  9254 | D:10     | Reached skill level 10 in Dodging
  9257 | D:10     | Slain by a green ugly thing

Vault maps used:
D:1:      dpeg_arrival_castle, minmay_shallow_snake_nest
D:2:      minmay_split_cup_large, uniq_terence
D:3:      first_ration, solitary_fountain
D:4:      fedhas_bush_and_centaur_altar, temple_hall, serial_shops,
          nicolae_shop_stone, kennysheep_generic_room_16, uniq_ijyb
D:5:      kennysheep_little_box, feat_on_display, uniq_grinder,
          uniq_crazy_yiuf_cottage
D:6:      nicolae_overflow_quartered_altars, uniq_edmund
D:8:      david_lair_generic, serial_shops, shop
D:9:      zin_purify, serial_bayou, serial_bayou_pond_a, serial_bayou_pond_d,
          serial_bayou_lagoon_b, serial_bayou_pond_b,
          hangedman_little_slice_of_home
D:10:     minmay_bloctagon, serial_shops, shop, minivault_11, lemuel_oklob_altar
D:11:     serial_shops, shop, uniq_grum, uniq_snorg

Skill      XL: |  1  2  3  4  5  6  7  8  9 10 11 |
---------------+----------------------------------+-----
Fighting       | 4 5 6 8 9 10 11 | 11.1
Maces & Flails | 4 5 6 8 9 10 11 | 11.2
Armour         | 3 4 5 6 8 9 10 | 10.9
Dodging        | 3 4 5 7 8 9 10 | 10.0

Action                   |  1- 3 |  4- 6 |  7- 9 | 10-12 || total
-------------------------+-------+-------+-------+-------++-------
Melee: Mace              |    76 |    23 |       |       ||    99
       Headbutt          |    11 |    18 |    52 |    58 ||   139
       Flail             |       |    94 |   257 |   279 ||   630
       Unarmed           |       |     1 |     6 |       ||     7
Invok: Berserk           |       |     3 |     2 |     4 ||     9
  Use: Scroll            |       |       |     5 |     3 ||     8
       Potion            |       |       |     2 |       ||     2
  Eat: Chunk             |       |     5 |    12 |     9 ||    26
       Ration            |       |     1 |     1 |     1 ||     3
Armor: Animal skin       |     4 |       |       |       ||     4
       Scale mail        |     9 |    49 |    48 |    93 ||   199
       Skin              |       |       |     2 |       ||     2
       Steam dragon scal |       |       |       |     2 ||     2
Dodge: Dodged            |    40 |    70 |   112 |   120 ||   342
Block: Buckler           |     8 |    27 |    66 |    74 ||   175
       Reflection        |       |       |     1 |     2 ||     3

Table legend:
 A = Spawn XP
 B = Non-spawn XP
 C = Spawn XP percentage of total XP
 D = Spawn monster count
 E = Non-spawn monster count
 F = Spawn count percentage of total count
 G = Total turns spent on level
                    A         B        C        D         E        F      G
               +---------+---------+-------+---------+---------+-------+---------
         Total |       0 |   14224 |   0.0 |       0 |     250 |   0.0 |  9257
               +---------+---------+-------+---------+---------+-------+---------
           D:1 |       0 |      78 |   0.0 |       0 |      33 |   0.0 |   922
           D:2 |       0 |     169 |   0.0 |       0 |      26 |   0.0 |   681
           D:3 |       0 |     335 |   0.0 |       0 |      18 |   0.0 |   912
           D:4 |       0 |     700 |   0.0 |       0 |      25 |   0.0 |   649
           D:5 |       0 |    1143 |   0.0 |       0 |      26 |   0.0 |  1129
           D:6 |       0 |    2094 |   0.0 |       0 |      17 |   0.0 |  1187
           D:7 |       0 |     932 |   0.0 |       0 |      22 |   0.0 |   880
           D:8 |       0 |     555 |   0.0 |       0 |      15 |   0.0 |   880
           D:9 |       0 |    2609 |   0.0 |       0 |      45 |   0.0 |  1242
          D:10 |       0 |    5415 |   0.0 |       0 |      19 |   0.0 |   562
          D:11 |       0 |     194 |   0.0 |       0 |       4 |   0.0 |   213
               +---------+---------+-------+---------+---------+-------+---------
